 Dungeon Crawl Stone Soup version 0.30-a0-170-g85af917532 (webtiles) character file.

Game seed: 4462007690664396469

79 qw the Chopper (level 4, -2/28 HPs)
             Began as a Gargoyle Fighter on Sept 30, 2022.
             Slain by a lemure (4 damage)
             ... led by Pikel
             ... on level 5 of the Dungeon.
             The game lasted 00:00:46 (1953 turns).

qw the Chopper (Gargoyle Fighter)                   Turns: 1953, Time: 00:00:47

Health: -2/28      AC: 11    Str: 21    XL:     4   Next: 38%
Magic:  4/4        EV:  9    Int:  9    God:
Gold:   621        SH:  4    Dex:  9    Spells: 3/3 levels left

rFire   . . .      SeeInvis .    Y - +0 war axe
rCold   . . .      Faith    .    c - +0 buckler
rNeg    + . .      Spirit   .    b - +0 scale mail
rPois   inf        Reflect  .    j - +1 hat
rElec   +          Harm     .    (no cloak)
rCorr   .          Rampage  .    (no gloves)
Will    .....                    (no boots)
Stlth   ..........               (no amulet)
HPRegen 0.09/turn                (no ring)
MPRegen 0.09/turn                (no ring)

@: no status effects
A: sickness immunity, AC +3, negative energy resistance 1, electricity
resistance, torment resistance 1, petrification resistance
a: no special abilities


You were on level 5 of the Dungeon.
You visited 1 branch of the dungeon, and saw 4 of its levels.

You collected 643 gold pieces.
You spent 22 gold pieces at shops.


Innate Abilities, Weirdness & Mutations

You are immune to sickness and miasma.
Your stone body is resilient. (AC +3)
You are immune to poison.
You resist negative energy. (rN+)
You are resistant to electric shocks. (rElec)
You are resistant to unholy torment.
You are immune to petrification.


   Skills:
 - Level 3.2 Fighting
 + Level 4.1 Axes
 - Level 3.2 Armour
 - Level 3.2 Shields


You had 3 spell levels left.
You didn't know any spells.
Your spell library was empty.

Inventory:

Hand Weapons
 h - a +0 whip
 Y - a +0 war axe (weapon)
Armour
 b - a +0 scale mail (worn)
 c - a +0 buckler (worn)
 j - a +1 hat (worn)
Scrolls
 l - a scroll of identify
Potions
 d - a potion of might
 g - a potion of berserk rage {unknown}
 i - 3 potions of curing
 k - a potion of mutation {unknown}

Dungeon Overview and Level Annotations

Branches:
Dungeon (3/15)

Altars:
Uskayaw

Shops:
D:1 (?::

Annotations:
D:5 Pikel


Message History

The lemure shouts!
You hear a shout!
A lemure comes into view.
A lemure comes into view.
1943 ||| Stepping ~*~*~tactically~*~*~ (stealth).
The lemure shouts!
Pikel, Merchant of Souls comes into view.
He is wielding a +2 whip of electrocution.
1945 ||| Stepping ~*~*~tactically~*~*~ (stealth).
You hit the lemure.
The lemure is lightly wounded.
The lemure hits you!
You hit the lemure but do no damage.
The lemure is lightly wounded.
The lemure hits you.
You barely miss the lemure.
The lemure is lightly wounded.
The lemure hits you.
You closely miss the lemure.
The lemure is lightly wounded.
The lemure hits you. The lemure hits you but does no damage.
You block the lemure's attack.
A lemure comes into view.
1950 ||| Stepping ~*~*~tactically~*~*~ (stealth).
The lemure attacks as you move away! The lemure hits you.
Found 13 gold pieces.
The lemure shouts!
You hit the lemure but do no damage.
The lemure is lightly wounded.
You closely miss the lemure.
You hear a shout!
The lemure closely misses you.
You barely miss the lemure.
The lemure is lightly wounded.
You closely miss the lemure. You hit the lemure but do no damage.
The lemure hits you but does no damage. The lemure completely misses you.
The lemure hits you but does no damage.
An orc comes into view. It is wielding a +0 whip.
You hit the lemure but do no damage.
The lemure is lightly wounded.
You hit the lemure. You hit the lemure but do no damage. The lemure hits you.
The lemure barely misses you. The lemure hits you.
You die...

.K....# ......#
......# 55....#
...)... # ....##
####.#####.....#
.......@55!....#
$..#.##55........
...........o..###
.#.#.##/####..#
.. ..# .## #.
#### # .. .


You could see 4 lemures and an orc.

Vanquished Creatures
  2 adders (D:2)
  5 dart slugs
  6 ball pythons (D:1)
  6 endoplasms
  2 giant cockroaches (D:1)
  2 goblins (D:2)
  5 hobgoblins
  6 jackals
  6 kobolds
  A quokka (D:1)
  A bat (D:1)
  3 frilled lizards
  2 rats (D:1)
47 creatures vanquished.

Notes
Turn   | Place    | Note
-------+----------+-------------------------------------------
     0 | D:1      | qw the Gargoyle Fighter began the quest for the Orb.
     0 | D:1      | Reached XP level 1. HP: 14/14 MP: 1/1
     0 | D:1      | 0 ||| qw: Version: 0.2-a-12-gaebbb33
     0 | D:1      | 0 ||| qw: Game counter: 1617
     0 | D:1      | 0 ||| qw: Always use a shield: true
     0 | D:1      | 0 ||| qw: God list: Okawaru
     0 | D:1      | 0 ||| qw: Allow faded altars: false
     0 | D:1      | 0 ||| qw: Do Orc after D:15 true
     0 | D:1      | 0 ||| qw: Do second Lair branch before Depths: true
     0 | D:1      | 0 ||| qw: Lair rune preference: random
     0 | D:1      | 0 ||| qw: Plans: Normal, Zot:1-4, God:TSO, Crypt, Tomb,
                  | Pan, Slime:5, Hells, Abyss, Orb
     0 | D:1      | 0 ||| PLANNING D:1-11
    46 | D:1      | Reached skill level 2 in Axes
   172 | D:1      | Reached XP level 2. HP: 19/19 MP: 2/2
   253 | D:1      | Found Cerch's Vocational Training.
   358 | D:1      | Found Huvar's Antique Weapon Boutique.
   363 | D:1      | 363 ||| DROPPING +0 club.
   373 | D:1      | 373 ||| SHOPLISTING flail (80 gold, have 27).
   373 | D:1      | 373 ||| SHOPLISTING scorched flail (195 gold, have 27).
   396 | D:1      | 396 ||| Stepping ~*~*~tactically~*~*~ (hiding).
   409 | D:1      | Reached skill level 3 in Axes
   601 | D:1      | Reached XP level 3. HP: 23/23 MP: 3/3
   633 | D:1      | 633 ||| Stepping ~*~*~tactically~*~*~ (hiding).
   769 | D:1      | Found Ytuot's Book Emporium.
   896 | D:1      | Found Naxito's Magic Scroll Emporium.
   899 | D:1      | 899 ||| SHOPLISTING scroll of enchant weapon (82 gold, have
                  | 36).
   899 | D:1      | 899 ||| BUYING scroll of identify (22 gold).
   899 | D:1      | Bought a scroll of identify for 22 gold pieces
   899 | D:1      | 899 ||| SHOPLISTING scroll of identify (22 gold, have 14).
   899 | D:1      | 899 ||| SHOPLISTING scroll of teleportation (33 gold, have
                  | 14).
  1087 | D:1      | 1087 ||| READING scroll labelled JOEVYKH IQORGH.
  1088 | D:1      | 1088 ||| READING scroll labelled OFEIX QUTZAUHUI.
  1088 | D:1      | Identified a scroll of acquirement
  1088 | D:1      | 1088 ||| ACQUIRING 486 gold pieces
  1088 | D:1      | Acquired 486 gold pieces
  1090 | D:1      | 1090 ||| READING scroll labelled KIFFEQ KAZOI.
  1094 | D:1      | 1094 ||| READING scroll labelled VIXEEKHL ASTU.
  1095 | D:1      | 1095 ||| READING scroll labelled KAG JU PEICWADD.
  1096 | D:1      | 1096 ||| READING scroll labelled WEHOUTOUSA.
  1097 | D:1      | 1097 ||| DRINKING 2 orange potions.
  1216 | D:2      | 1216 ||| Stepping ~*~*~tactically~*~*~ (stealth).
  1442 | D:2      | Found a hide-covered altar of Uskayaw.
  1552 | D:2      | Reached XP level 4. HP: 28/28 MP: 4/4
  1696 | D:2      | Reached skill level 4 in Axes
  1784 | D:2      | 1784 ||| UPGRADING to +1 hat.
  1789 | D:2      | 1789 ||| READING scroll labelled BOONLUCROAP.
  1790 | D:2      | 1790 ||| READING scroll labelled PABAHU ZELA.
  1791 | D:2      | 1791 ||| READING 2 scrolls of identify.
  1791 | D:2      | 1791 ||| IDENTIFYING murky amethyst potion
  1792 | D:2      | 1792 ||| DROPPING potion of invisibility.
  1891 | D:3      | 1891 ||| Stepping ~*~*~tactically~*~*~ (stealth).
  1938 | D:3      | You fall into a shaft and drop 2 floors!
  1938 | D:5      | Entered Level 5 of the Dungeon
  1940 | D:5      | Noticed a lemure
  1941 | D:5      | Noticed a lemure
  1942 | D:5      | Noticed a lemure
  1943 | D:5      | 1943 ||| Stepping ~*~*~tactically~*~*~ (stealth).
  1944 | D:5      | Noticed Pikel
  1945 | D:5      | 1945 ||| Stepping ~*~*~tactically~*~*~ (stealth).
  1949 | D:5      | Noticed a lemure
  1950 | D:5      | 1950 ||| Stepping ~*~*~tactically~*~*~ (stealth).
  1950 | D:5      | HP: 6/28 [lemure[Pikel] (3)]
  1953 | D:5      | HP: 2/28 [lemure[Pikel] (5)]
  1953 | D:5      | Slain by a lemure

Levels and vault maps discovered:
D:1:      matt_arrival_refuge, layout_rooms, serial_shops, shop,
          nicolae_shop_trees, nicolae_diamond_shop, minmay_strange_pillars,
          nicolae_shop_vocational
D:2:      layout_loops_ring, basic_altar, nrook_mini_backslash,
          hangedman_decor_growths, minmay_between
D:3:      layout_basic
D:5:      layout_basic, uniq_pikel, uniq_eustachio, uniq_ijyb

Skill      XL: |  1  2  3  4 |
---------------+-------------+-----
Axes           | 2 3 4 |  4.1
Fighting       | |  3.2
Armour         | |  3.2
Shields        | |  3.2

Action                   |  1- 3 |  4- 6 || total
-------------------------+-------+-------++-------
Melee: War axe           |   111 |    25 ||   136
  Use: Scroll            |     6 |     3 ||     9
       Potion            |     1 |       ||     1
Armor: Scale mail        |    51 |    13 ||    64
Dodge: Dodged            |    43 |     8 ||    51
Block: Buckler           |    17 |     2 ||    19

Table legend:
 A = Non-vault XP
 B = Vault XP
 C = Vault XP percentage of total XP
 D = Non-vault monster count
 E = Vault monster count
 F = Vault count percentage of total count
                 A         B        C        D         E       F
            +---------+---------+-------+---------+---------+-------
      Total |     114 |       0 |   0.0 |      47 |       0 |   0.0
            +---------+---------+-------+---------+---------+-------
        D:1 |      58 |       0 |   0.0 |      30 |       0 |   0.0
        D:2 |      48 |       0 |   0.0 |      12 |       0 |   0.0
        D:3 |       8 |       0 |   0.0 |       5 |       0 |   0.0
            +---------+---------+-------+---------+---------+-------
